 Dungeon Crawl Stone Soup version 0.16-a0-395-g6404e95 (console) character file.

506 gw the Cudgeler (level 7, -2/71 HPs)
             Began as an Ogre Warper on Sept 15, 2014.
             Killed from afar by an orc wizard (13 damage)
             ... with a puff of flame
             ... on Level 4 of the Dungeon.
             The game lasted 00:07:45 (5828 turns).

gw the Cudgeler (Ogre Warper)                       Turns: 5828, Time: 00:07:45

HP  -2/71        AC  7     Str 17      XL: 7   Next: 18%
MP   4/17        EV 10     Int 14      God:
Gold 193         SH  0     Dex  9      Spells:  4 memorised,  6 levels left

rFire  . . .     SeeInvis .     b - +0 giant club
rCold  . . .     Clarity  .     j - +0 robe
rNeg   . . .     rCorr    .     (shield restricted)
rPois  .         rRot     .     (helmet restricted)
rElec  .         Spirit   .     (no cloak)
SustAb .         Warding  .     (gloves unavailable)
rMut   .         Stasis   .     (boots unavailable)
Gourm  .                        d - amulet of rage
MR     +....                    (no ring)
                                (no ring)

@: somewhat resistant to hostile enchantments, very unstealthy
A: unfitting armour, iridescent scales 1, blink 1, magic resistance 1, tough
skin 1
a: Blink, Evoke Berserk Rage


You were on level 4 of the Dungeon.
You were very hungry.

You visited 1 branch of the dungeon, and saw 4 of its levels.

You collected 193 gold pieces.

Inventory:

Hand weapons
 b - a +0 giant club (weapon)
Missiles
 e - 227 stones
 h - 51 poisoned needles
 k - 4 large rocks (quivered)
Armour
 j - a +0 robe (worn)
Comestibles
 f - 2 meat rations
 g - 4 fruits
 l - a beef jerky
Scrolls
 a - 4 scrolls of identify
 i - a scroll of remove curse
 o - a scroll of recharging {unknown}
 q - a scroll of teleportation
Jewellery
 d - an amulet of rage (around neck)
Potions
 m - a potion of flight {unknown}
 n - a potion of berserk rage
 p - 2 potions of resistance {unknown}
Books
 c - a book of Spatial Translocations

   Spells                             Type                      Level
   *Apportation                       Translocation                1
   *Blink                             Translocation                2
   *Shroud of Golubria                Charms/Translocation         2
   *Portal Projectile                 Translocation                3
   Teleport Other                     Translocation                3
   Passage of Golubria                Translocation                4


   Skills:
 + Level 4.5 Fighting
 + Level 4.7 Maces & Flails
 + Level 2.5 Throwing
 + Level 3.3 Dodging
 + Level 4.0 Spellcasting
 * Level 3.5 Translocations


You had 6 spell levels left.
You knew the following spells:

 Your Spells              Type           Power        Failure   Level  Hunger
a - Apportation           Tloc           ##........   4%          1    None
b - Blink                 Tloc           N/A          10%         2    ##.....
c - Shroud of Golubria    Chrm/Tloc      #.........   17%         2    ##.....
d - Portal Projectile     Tloc           ##....       14%         3    ###....


Dungeon Overview and Level Annotations

Branches:
Dungeon (4/15)
 Temple: D:4-7

Altars:
Qazlal


Innate Abilities, Weirdness & Mutations

You are too large for most types of armour.
You have tough skin (AC +1).
You are partially covered in iridescent scales (AC +4).
You can translocate small distances at will.
You are resistant to hostile enchantments.


Message History

You hear some strange, mumbled words.
The magic dart hits you!
ATTACKING (1,0)
You closely miss something. Something hits you but does no damage.
Something hits you but does no damage.
ATTACKING (1,0)
You barely miss something. Something hits you.
ATTACKING (1,0)
You closely miss something. Something hits you. Something hits you.
ATTACKING (1,0)
You barely miss something. Something hits you but does no damage.
ATTACKING (1,0)
You miss something.
You hear some strange, mumbled words.
The puff of flame misses you.
ATTACKING (1,0)
You barely miss something.
You hear some strange, mumbled words.
The puff of flame hits you!
You die...

#.###.#.......#.....~~..
#.....(.......###...~...
#####.##.....####..~~~~~
#.#######.###..........~~~~~
#.........# ##.######..~~~.>
############ ##.######..~~~_}
#.........# #...........~~~~
#.#######.####..#####..~.~~~~
#.#######.##O..)...##......~~
#.##...##.##.#.)##.##...~..~~
#.##...............##........
#.##...##.##.#...#.........#.
#.###.###.##.#.....###.###.#.
#.........##.......# #.# .#
#####.######.......# #.. ..
#....)...#####.#### #### .##
#.##.###.# #.# ..#


There were no monsters in sight!

Table legend:
 A = Turns spent in this place as a percentage of turns spent in the entire game.
 B = Non-inter-level travel turns spent in this place as a percentage of non-inter-level travel turns spent in the entire game.
 C = Inter-level travel turns spent in this place as a percentage of turns spent in this place.
 D = Turns resting spent in this place as a percentage of non-inter-level travel turns spent in this place.
 E = Turns spent auto-exploring this place as a percentage of non-inter-level travel turns spent in this place.
 F = Non-inter-level travel turns spent in this place divided by the number of levels of this place that you've seen.
                   A       B       C       D       E      F
               +-------+-------+-------+-------+-------+----------------------
         Total | 100.0 | 100.0 |   2.0 |   2.7 |   4.3 | 1006.2
       Dungeon | 100.0 | 100.0 |   2.0 |   2.7 |   4.3 | 1006.2
               +-------+-------+-------+-------+-------+----------------------

Table legend:
 A = Kills in this place as a percentage of kills in entire the game.
 B = Kills by you in this place as a percentage of kills by you in the entire game.
 C = Kills by friends in this place as a percentage of kills by friends in the entire game.
 D = Other kills in this place as a percentage of other kills in the entire game.
 E = Experience gained in this place as a percentage of experience gained in the entire game.
 F = Experience gained in this place divided by the number of levels of this place that you have seen.
                   A       B       C       D       E      F
               +-------+-------+-------+-------+-------+----------------------
         Total | 100.0 | 100.0 |  -nan |  -nan | 100.0 | 181.0
       Dungeon | 100.0 | 100.0 |  -nan |  -nan | 100.0 | 181.0
               +-------+-------+-------+-------+-------+----------------------

Vanquished Creatures
  An ogre (D:2)
  2 scorpions (D:4)
  2 orc wizards (D:4)
  A hound (D:4)
  2 worker ants (D:4)
  8 adders
  A giant mite (D:3)
  5 worms
  An adder skeleton (D:4)
  A giant gecko (D:4)
  6 orcs
  8 bats
  8 hobgoblins
  2 quokkas
  A ball python (D:2)
  5 giant cockroaches
  5 giant newts
  9 goblins
  2 jackals (D:4)
  12 kobolds
  An orc skeleton (D:4)
  12 rats
95 creatures vanquished.

Notes
Turn   | Place    | Note
--------------------------------------------------------------
     0 | D:1      | gw, the Ogre Warper, began the quest for the Orb.
     0 | D:1      | Reached XP level 1. HP: 22/22 MP: 3/3
   199 | D:1      | Reached XP level 2. HP: 29/29 MP: 5/5
   203 | D:1      | Learned a level 2 spell: Blink
   206 | D:1      | Learned a level 2 spell: Shroud of Golubria
   788 | D:1      | Reached skill level 3 in Fighting
  1370 | D:2      | Reached XP level 3. HP: 19/37 MP: 1/6
  2413 | D:2      | Reached XP level 4. HP: 34/45 MP: 2/9
  2555 | D:2      | Learned a level 3 spell: Portal Projectile
  2783 | D:2      | Noticed an ogre
  3164 | D:2      | Killed an ogre
  3164 | D:2      | Reached XP level 5. HP: 30/54 MP: 6/11
  3703 | D:2      | Gained mutation: You can translocate small distances at will. [potion of mutation]
  3703 | D:2      | Gained mutation: You are partially covered in iridescent scales (AC +4). [potion of mutation]
  3703 | D:2      | Gained mutation: You are resistant to hostile enchantments. [potion of mutation]
  3996 | D:3      | Reached skill level 4 in Maces & Flails
  4032 | D:3      | Reached XP level 6. HP: 62/62 MP: 10/13
  4566 | D:4      | Found a stormy altar of Qazlal.
  5246 | D:4      | Reached XP level 7. HP: 71/71 MP: 2/15
  5828 | D:4      | Killed from afar by an orc wizard

Action                   |  1- 3 |  4- 6 |  7- 9 || total
-------------------------+-------+-------+-------++-------
Melee: Mace              |    96 |    28 |       ||   124
       Giant club        |       |    93 |    33 ||   126
Throw: Stone             |    78 |    56 |       ||   134
       Tomahawk          |     5 |       |       ||     5
       Large rock        |       |    51 |     4 ||    55
 Cast: Shroud of Golubri |    25 |    21 |     3 ||    49
       Portal Projectile |       |     5 |     8 ||    13
  Use: Scroll            |     3 |     6 |       ||     9
       Potion            |     2 |     4 |       ||     6
  Eat: Chunk             |     7 |    11 |     2 ||    20

Vault maps used:
D:1:      evilmike_arrival_hilbert_curve
D:4:      nicolae_qazlal_general_emergency
